 Dungeon Crawl Stone Soup version 0.20.0-8-g6b59dc7 (webtiles) character file.

14 Kosschaser the Sneak (level 2, -2/13 HPs)
             Began as a Vine Stalker Enchanter on May 29, 2017.
             Slain by an adder (3 damage)
             ... on level 2 of the Dungeon.
             The game lasted 00:03:58 (1005 turns).

Kosschaser the Sneak (Vine Stalker Enchanter)       Turns: 1005, Time: 00:03:58

Health: -2/13      AC:  2    Str: 10    XL:     2   Next: 45%
Magic:  0/6        EV: 12    Int: 20    God:
Gold:   76         SH:  0    Dex: 14    Spells: 2/5 levels left

rFire    . . .     SeeInvis .   l - +0 dagger (drain)
rCold    . . .     Gourm    .   (no shield)
rNeg     . . .     Faith    .   b - +0 robe
rPois    .         Spirit   +   (no helmet)
rElec    .         Reflect  .   (no cloak)
rCorr    .         Harm     .   (no gloves)
MR       .....                  (no boots)
Stlth    +++.......             (no amulet)
Regen    0.1/turn               (no ring)
MPRegen  0.1/turn               (no ring)

@: brilliant, lethally poisoned (-2 -> -7), very slightly contaminated, drained
A: fangs 2, magic shield, antimagic bite, no potion heal 3, rot immunity
a: no special abilities


You were on level 2 of the Dungeon.
You were hungry.

You visited 1 branch of the dungeon, and saw 2 of its levels.

You collected 76 gold pieces.

Inventory:

Hand Weapons
 l - a +0 dagger of draining (weapon)
Armour
 b - a +0 robe (worn)
Scrolls
 e - a scroll of enchant armour {unknown}
 g - 2 scrolls of identify {unknown}
 i - a scroll of fear {unknown}
Potions
 j - a potion of lignification {unknown}
Books
 c - a book of Maledictions

   Spells                             Type                      Level
   a - Corona                         Hexes                        1
   b - Ensorcelled Hibernation        Hexes/Ice                    2
   c - Confuse                        Hexes                        3
   d - Tukima's Dance                 Hexes                        3
   e - Dazzling Spray                 Conjuration/Hexes            3
Comestibles
 d - a bread ration
 f - 2 meat rations
 k - a royal jelly


   Skills:
 + Level 1.1(1.0) Short Blades
 + Level 1.6(1.5) Dodging
 * Level 4.1(4.0) Stealth
 + Level 2.3(2.2) Spellcasting
 + Level 3.2 Hexes


You had 2 spell levels left.
You knew the following spells:

 Your Spells              Type           Power        Failure   Level  Hunger
a - Corona                Hex            ####...      1%          1    #......
b - Ensorcelled Hibernat  Hex/Ice        ###...       1%          2    ##.....


Dungeon Overview and Level Annotations

Branches:
Dungeon (2/15)

Altars:


Innate Abilities, Weirdness & Mutations

You have extremely sharp teeth.
When hurt, damage is shared between your health and your magic reserves.
Your bite disrupts and absorbs the magic of your enemies.
Potions cannot restore your health.
You are immune to rotting.


Message History

The ooze barely misses you. The adder bites you. The adder barely misses you.
There is an open door here.
The adder bites you.
You closely miss the adder. You bite the adder, but do no damage.
The adder barely misses you.
You hit the adder but do no damage. Your bite misses the adder.
The adder bites you. The adder bites you.
* * * LOW HITPOINT WARNING * * *
You are lethally poisoned!
The adder poisons you!
* * * LOW HITPOINT WARNING * * *
You feel sick.
* * * LOW HITPOINT WARNING * * *
You feel sick.
It was a potion of brilliance.
You feel clever all of a sudden. The adder bites you.
You die...

#.#.............<........
#.########.###[....).#
#.# #<.....# #......?#
#.# ######.# ###'#...#
#.########.## #.#...#
#...........# #J#...#
#.########..# #.#...# #.#
##.# #S#...# #.# #.#
#@#...# #.# #.# #.#...#
#.# #.####.# #.# #.)....#
#.# #.####.# #.# #.# #.#
#.# #.# ### #.####### #.#
#.......# #.#


You could see an ooze and an adder.

Vanquished Creatures
  A worm (D:2)
  A leopard gecko (D:2)
  A bat (D:1)
  A giant cockroach (D:1)
  A hobgoblin (D:1)
  2 kobolds (D:1)
  4 rats
11 creatures vanquished.

Notes
Turn   | Place    | Note
-------+----------+-------------------------------------------
     0 | D:1      | Kosschaser the Vine Stalker Enchanter began the quest for the Orb.
     0 | D:1      | Reached XP level 1. HP: 9/9 MP: 4/4
   554 | D:1      | Reached skill level 4 in Stealth
   554 | D:1      | Reached XP level 2. HP: 13/13 MP: 4/6
   558 | D:1      | Learned a level 2 spell: Ensorcelled Hibernation
   845 | D:2      | Reached skill level 1 in Short Blades
  1005 | D:2      | Slain by an adder

Skill      XL: |  1  2 |
---------------+-------+-----
Stealth        | 4 |  4.1
Short Blades   | 1 |  1.1
Dodging        | |  1.6
Spellcasting   | |  2.3
Hexes          | |  3.2

Action                   || total
-------------------------++-------
Melee: Dagger            ||    32
       Bite              ||     8
 Cast: Ensorcelled Hiber ||     4
  Use: Scroll            ||     1
       Potion            ||     1
 Stab: Sleeping          ||     3
Armor: Robe              ||     4
Dodge: Dodged            ||    21
